 Dungeon Crawl Stone Soup version 0.24.0-123-gd5b16e6ec5 (webtiles) character file.

Game seed: 5835590156697388257, levelgen mode: deterministic

1650 vurker the Summoner (level 8, -17/38 HPs)
             Began as a Felid Summoner on Dec 30, 2019.
             Was a High Priest of Sif Muna.
             Demolished by a black mamba (shapeshifter) (19 damage)
             ... on level 14 of the Dungeon.
             The game lasted 00:42:04 (18418 turns).

vurker the Summoner (Felid Summoner)               Turns: 18418, Time: 00:42:05

Health: -17/38     AC:  2    Str:  4    XL:     8   Next: 67%
Magic:  10/21      EV: 20    Int: 20    God:    Sif Muna [*****.]
Gold:   924        SH:  0    Dex: 17    Spells: 11/24 levels left
                                        Lives:  0   Deaths: 3

rFire    . . .     SeeInvis +   (weapon unavailable)
rCold    . . .     Gourm    .   (shield unavailable)
rNeg     . . .     Faith    .   (armour unavailable)
rPois    +         Spirit   .   (helmet unavailable)
rElec    .         Reflect  .   (cloak unavailable)
rCorr    .         Harm     .   (gloves unavailable)
MR       +....                  (boots unavailable)
Stlth    +++.......             F - amulet of magic regeneration
HPRegen  0.12/turn              v - ring of poison resistance
MPRegen  0.42/turn              i - ring of wizardry

@: quick
A: very small, no armour, no weapons or thrown items, stealth, claws 1, fangs 3,
see invisible, carnivore, speed 1, shaggy fur 2, slow metabolism 1, sharp paws
a: Channel Magic, Forget Spell, Divine Exegesis, Renounce Religion


You were on level 14 of the Dungeon.
You worshipped Sif Muna.
Sif Muna was extremely pleased with you.
You were not hungry.

You visited 2 branches of the dungeon, and saw 13 of its levels.
You also visited: Ossuary.

You collected 924 gold pieces.

Inventory:

Missiles
 C - 5 throwing nets
Jewellery
 f - an uncursed ring of protection from cold
   (You found it on level 1 of the Dungeon)
 i - a ring of wizardry (right paw)
   (You found it on level 3 of the Dungeon)
 m - an uncursed ring of protection from cold
   (You found it on level 3 of the Dungeon)
 v - a ring of poison resistance (left paw)
   (You took it off an orc wizard on level 8 of the Dungeon)
 w - the ring of Oclar {*Corrode Dex+6 Slay+3 SInv}
   (You found it on level 8 of the Dungeon)

   [ring of slaying]

   It affects your dexterity (+6).
   It affects your accuracy and damage with ranged weapons and melee attacks
   (+3).
   It lets you see invisible.
   It may corrode you when you take damage.
 y - the amulet "Xauzuq" {Reflect +Blink rN++ Dex+4 SH+4}
   (You found it on level 8 of the Dungeon)

   [amulet of reflection]

   It shields you and reflects attacks.
   It affects your dexterity (+4).
   It greatly protects you from negative energy.
   It lets you blink.
   It affects your SH (+4).
 A - an uncursed ring of fire
   (You found it on level 10 of the Dungeon)
 B - the ring "Laist" {-Tele +Fly rC+ Int+5}
   (You found it on level 8 of the Dungeon)

   [ring of protection from cold]

   It affects your intelligence (+5).
   It protects you from cold.
   It lets you fly.
   It prevents most forms of teleportation.
 E - an uncursed ring of resist corrosion
   (You found it on level 9 of the Dungeon)
 F - an amulet of magic regeneration (around neck)
   (You found it on level 9 of the Dungeon)
Wands
 d - a wand of iceblast (9)
   (You found it on level 10 of the Dungeon)
 r - a wand of enslavement (4)
   (You found it on level 6 of the Dungeon)
 u - a wand of paralysis (8)
   (You found it on level 10 of the Dungeon)
 D - a wand of polymorph (8)
   (You found it on level 9 of the Dungeon)
Scrolls
 a - 7 scrolls of remove curse
 g - 2 scrolls of amnesia
 n - 5 scrolls of teleportation
 p - a scroll of fog
 t - 6 scrolls of immolation
Potions
 c - 6 potions of flight
 h - a potion of heal wounds {unknown}
 j - 4 potions of ambrosia
 k - 7 potions of lignification
 l - 8 potions of curing
 o - a potion of agility {unknown}
 q - 3 potions of brilliance
 s - a potion of berserk rage {unknown}
 x - 2 potions of mutation {unknown}
 z - 2 potions of magic
 G - 4 potions of haste
Comestibles
 e - 21 rations


   Skills:
 + Level 6.2 Fighting
 - Level 5.0 Dodging
 - Level 2.6 Stealth
 * Level 8.5 Spellcasting
 * Level 10.0 Summonings
 - Level 3.0 Ice Magic
 - Level 3.0 Air Magic


You had 11 spell levels left.
You knew the following spells:

 Your Spells              Type           Power        Failure   Level  Hunger
a - Call Imp              Summ           #####...     1%          2    None
b - Summon Ice Beast      Ice/Summ       ####....     2%          4    ###....
c - Call Canine Familiar  Summ           #####...     1%          3    None
x - Summon Lightning Spi  Summ/Air       ####....     2%          4    ###....

Your spell library contained the following spells:

 Spells                   Type           Power        Failure   Level  Hunger
 Summon Small Mammal      Summ           ####         1%          1    None
 Summon Guardian Golem    Hex/Summ       ####....     1%          3    None
 Poisonous Vapours        Pois/Air       ##....       2%          2    None
 Sting                    Conj/Pois      #...         3%          1    None
 Mephitic Cloud           Conj/Pois/Air  ##......     6%          3    None
 Olgreb's Toxic Radiance  Pois           #.......     32%         4    ###....
 Venom Bolt               Conj/Pois      #.........   63%         5    #####..


Dungeon Overview and Level Annotations

Branches:
Dungeon (11/15)            Temple (1/1) D:6            Lair (0/6) D:9
Ossuary (visited)
    Orc: D:9-12

Altars:
Ashenzari
Cheibriados
Dithmenos
Elyvilon
Fedhas
Gozag
Hepliaklqana
Kikubaaqudgha
Makhleb
Nemelex Xobeh
Okawaru
Qazlal
Ru
Sif Muna
Trog
Uskayaw
Vehumet
Wu Jian
Xom
Yredelemnul
Zin
The Shining One

Shops:
D:9 (

Annotations:
D:7 1 runed translucent door, zyxw121's ghost, novice HOBe


Innate Abilities, Weirdness & Mutations

You cannot wear armour.
You are incapable of wielding weapons or throwing items.
Your paws allow you to move quietly. (Stealth)
You have sharp claws.
You have razor-sharp teeth.
You have supernaturally acute eyesight. (SInv)
You are carnivorous and can eat meat at any time.
You cover ground quickly.
You are covered in thick fur. (AC +2)
You have a slow metabolism.
Your sharp claws are effective at attacking unaware monsters.


Message History

The komodo dragon bites your lightning spire!
A chill wind blows around you.
The komodo dragon bites your lightning spire but does no damage.
Your lightning spire shoots out a bolt of lightning at the komodo dragon!
The bolt of electricity hits the komodo dragon!
The komodo dragon bites your lightning spire!!
Your lightning spire is destroyed!
You swap places.
Your ice beast hits the komodo dragon but does no damage.
The komodo dragon bites your ice beast!!
Your ice beast dies!
The komodo dragon hisses angrily.
You swap places.
A tengu warrior comes into view. It is wielding a +1 glaive.
The tengu conjurer shouts!
The komodo dragon barely misses your ice beast.
Your ice beast barely misses the komodo dragon.
The komodo dragon barely misses your ice beast.
Your ice beast hits the komodo dragon.
Your ice beast freezes the komodo dragon!
The komodo dragon seems to slow down.
The komodo dragon dies!
Sif Muna accepts your kill.
Your Summonings skill increases to level 10!
The tengu warrior barely misses you.
The tengu conjurer casts a spell.
The tengu conjurer blinks!
The tengu warrior hits you from afar with a +1 glaive!
You swap places.
You see here a komodo dragon corpse.
The tengu warrior hits your ice beast with a +1 glaive!
The tengu warrior pecks your ice beast but does no damage.
The tengu warrior claws your ice beast.
Your ice beast barely misses the tengu warrior.
Found a hunting sling.
A yaktaur comes into view.
The yaktaur moves out of view.
Found a potion of lignification.
The yaktaur shouts!
An electric hum fills the air.
The yaktaur hits you!
* * * LOW HITPOINT WARNING * * *
You scratch the yaktaur.
The yaktaur changes into a black mamba!
You scratch the black mamba but do no damage.
The black mamba closely misses you.
You scratch the black mamba. The black mamba completely misses you.
The black mamba bites you!
* * * LOW HITPOINT WARNING * * *
You scratch the black mamba. The black mamba bites you!!
Ouch! That really hurt!
You die...

#.########Y##
#..#.......# ##
#.#.####Q.# #.#
##..####Y.#
#.###.#.##....#
#..#..#(##.#..#
#.###.##Y##.#
#######...........#
#..!@8#..#####.##.#
#.###S#..# #.##.###
#.Y#....##.##....
#)#...#.##.##.#.#
...##.......##.#.#
##...........##...#
#.#####..#####...#
#. 9.# #...# #. .##
..#.#


You could see a black mamba shaped shifter, a gargoyle, a friendly ice beast and
a friendly lightning spire.

Vanquished Creatures
  A crimson imp (D:9)
  A bullfrog zombie (D:8)
  A hound (D:6)
  2 worker ants
  An orc wizard (D:10)
  A shadow imp (D:3)
  2 leopard geckos (D:1)
  An orc (D:9)
  5 bats
  A bat zombie (D:6)
  4 giant cockroaches
  A gnoll zombie (Ossuary)
  5 goblins
  3 jackals (D:1)
  6 frilled lizards
  A kobold (D:1)
  2 orc zombies (Ossuary)
  2 rats
40 creatures vanquished.

Vanquished Creatures (collateral kills)
  2 two-headed ogres
  An unseen horror (D:10)
  Pikel (D:7)
  An oklob plant (D:7)
  Joseph (D:10)
  A komodo dragon (D:14)
  3 trolls
  Prince Ribbit (D:7)
  3 hippogriffs (D:8)
  2 yaks (D:8)
  A wyvern (D:10)
  4 hogs (D:7)
  A human (D:7)
  Menkaure (D:7)
  2 ice beasts
  2 orc warriors (D:8)
  A black bear (D:7)
  4 slaves (D:7)
  6 ogres
  2 phantoms
  3 centaurs
  2 crocodiles
  A big kobold (D:10)
  3 bullfrogs
  Blork the orc (D:6)
  2 wyvern zombies
  A gnoll sergeant (D:8)
  A wyvern skeleton (D:10)
  7 scorpions
  A killer bee (D:11)
  5 wights (D:10)
  A howler monkey (D:4)
  A crimson imp (D:10)
  A bullfrog zombie (D:8)
  A centaur zombie (Ossuary)
  2 centaur skeletons
  4 jellies
  Crazy Yiuf (D:3)
  5 orc wizards
  3 bullfrog skeletons
  4 orc priests
  4 hounds
  Jessica (D:2)
  2 iguanas (D:6)
  8 worker ants
  A big kobold zombie (Ossuary)
  3 mummies (Ossuary)
  Robin (D:3)
  2 howler monkey skeletons
  15 gnolls
  11 adders
  3 shadow imps
  2 oozes (D:1)
  An adder skeleton (D:8)
  An adder zombie (D:9)
  3 worms
  3 dart slugs
  4 leopard geckos
  31 orcs
  2 ball pythons
  2 bats (D:1)
  3 bat skeletons (D:6)
  3 bat zombies (D:6)
  5 giant cockroaches
  6 goblins
  6 hobgoblins
  5 jackals
  8 kobolds
  3 quokkas
  7 frilled lizards
  A gnoll zombie (Ossuary)
  A goblin zombie (D:7)
  A hobgoblin zombie (Ossuary)
  A kobold zombie (Ossuary)
  A leopard gecko skeleton (D:5)
  2 leopard gecko zombies
  A quokka zombie (D:7)
  2 rats
246 creatures vanquished.

Vanquished Creatures (others)
  An orc (D:10)
1 creature vanquished.

Grand Total: 287 creatures vanquished

Notes
Turn   | Place    | Note
-------+----------+-------------------------------------------
     0 | D:1      | vurker the Felid Summoner began the quest for the Orb.
     0 | D:1      | Reached XP level 1. HP: 7/7 MP: 4/4
   571 | D:1      | Reached XP level 2. HP: 6/11 MP: 3/6
  1624 | D:1      | Reached XP level 3. HP: 12/15 MP: 7/7
  1678 | D:1      | Learned a level 2 spell: Call Imp
  1682 | D:1      | Learned a level 3 spell: Call Canine Familiar
  2301 | D:2      | Reached skill level 1 in Fighting
  2564 | D:2      | Found a snail-covered altar of Cheibriados.
  2565 | D:2      | Found a shimmering blue altar of Sif Muna.
  2642 | D:2      | Became a worshipper of Sif Muna the Loreminder
  3228 | D:2      | Reached XP level 4. HP: 15/19 MP: 9/9
  3822 | D:2      | Noticed Jessica
  3836 | D:2      | Killed Jessica
  3912 | D:2      | Found a hazy altar of Hepliaklqana.
  4635 | D:3      | Noticed Robin
  4644 | D:3      | Killed Robin
  4788 | D:3      | Found a sacrificial altar of Ru.
  4933 | D:3      | Reached * piety under Sif Muna
  5527 | D:3      | Found a runed translucent door.
  5528 | D:3      | Noticed Crazy Yiuf
  5734 | D:3      | Killed Crazy Yiuf
  5962 | D:3      | Reached XP level 5. HP: 6/22 MP: 1/10
  6408 | D:4      | HP: 1/22 [quokka (3)]
  6417 | D:4      | Reached skill level 5 in Summonings
  6778 | D:4      | Learned a level 4 spell: Summon Lightning Spire
  7313 | D:4      | Killed from afar by an orc priest
  7314 | D:4      | Reached XP level 4. HP: 0/19 MP: 4/10
  7569 | D:4      | Reached XP level 5. HP: 2/22 MP: 0/11
  7576 | D:4      | Reached skill level 1 in Air Magic
  8389 | D:4      | Noticed a centaur
  8399 | D:4      | Killed a centaur
  8405 | D:4      | Gained mutation: You are covered in thick fur. (AC +2)
                  | [Felid growth]
  8405 | D:4      | Reached XP level 6. HP: 8/26 MP: 7/12
  8825 | D:5      | Entered Level 5 of the Dungeon
  8867 | D:5      | Found a white marble altar of Elyvilon.
 10058 | D:5      | Found an iron altar of Okawaru.
 10060 | D:5      | Found a glowing silver altar of Zin.
 10300 | D:6      | Reached XP level 7. HP: 30/30 MP: 6/14
 10306 | D:6      | Learned a level 4 spell: Summon Ice Beast
 10404 | D:6      | Reached ** piety under Sif Muna
 10483 | D:6      | Found a staircase to the Ecumenical Temple.
 10509 | Temple   | Entered the Ecumenical Temple
 10651 | D:6      | Reached skill level 6 in Summonings
 10702 | D:6      | Noticed Blork the orc
 10712 | D:6      | Killed Blork the orc
 11219 | D:6      | Found an ancient bone altar of Kikubaaqudgha.
 11493 | D:6      | Reached skill level 5 in Dodging
 11591 | D:7      | Found a sand-covered staircase.
 11627 | Ossuary  | Entered an ossuary
 11963 | Ossuary  | Reached skill level 1 in Ice Magic
 12484 | D:7      | Noticed Prince Ribbit
 12596 | D:7      | Noticed Menkaure
 12607 | D:7      | Found a shimmering altar of Xom.
 12607 | D:7      | Noticed an oklob plant
 12790 | D:7      | Noticed a hog
 12790 | D:7      | Noticed a hog
 12790 | D:7      | Noticed a hog
 12790 | D:7      | Noticed a human
 12790 | D:7      | Noticed a hog
 12802 | D:7      | Killed a hog
 12802 | D:7      | Reached XP level 8. HP: 34/34 MP: 0/16
 12804 | D:7      | Reached skill level 5 in Spellcasting
 12809 | D:7      | Reached *** piety under Sif Muna
 13123 | D:7      | Killed an oklob plant
 13123 | D:7      | Reached skill level 7 in Summonings
 13249 | D:7      | Found a radiant altar of Vehumet.
 13288 | D:7      | Noticed Pikel
 13346 | D:7      | Killed Pikel
 13400 | D:7      | Killed Menkaure
 13499 | D:7      | Found a runed translucent door.
 13501 | D:7      | Noticed zyxw121's ghost (novice HOBe)
 13733 | D:7      | Killed Prince Ribbit
 13841 | D:7      | Found a shimmering altar of Xom.
 14134 | D:7      | Found a radiant altar of Vehumet.
 14173 | D:7      | Found a runed translucent door.
 14253 | D:8      | Found an opulent altar of Gozag.
 14254 | D:8      | Found a blossoming altar of Fedhas.
 14254 | D:8      | Found a white marble altar of Elyvilon.
 14263 | D:8      | Found an ornate altar of the Wu Jian Council.
 14434 | D:8      | Reached XP level 9. HP: 39/39 MP: 14/19
 14759 | D:8      | Reached skill level 8 in Summonings
 15048 | D:8      | Noticed a two-headed ogre
 15139 | D:8      | Killed a two-headed ogre
 15139 | D:8      | Reached skill level 5 in Fighting
 15310 | D:8      | Found a glowing golden altar of the Shining One.
 15310 | D:8      | Found a bloodstained altar of Trog.
 15638 | D:8      | Noticed a troll
 15638 | D:8      | Reached skill level 9 in Summonings
 15647 | D:8      | Killed a troll
 15770 | D:8      | Got a flickering brass amulet
 15771 | D:8      | Identified the amulet "Xauzuq" {Reflect +Blink rN++ Dex+4
                  | SH+4} (You found it on level 8 of the Dungeon)
 15776 | D:8      | Got a steaming iron ring
 15778 | D:8      | Identified the ring "Laist" {-Tele +Fly rC+ Int+5} (You
                  | found it on level 8 of the Dungeon)
 15785 | D:8      | Got a flickering jade ring
 15787 | D:8      | Identified the cursed ring "Cuxtilom" {rC+ Str+2 Int+3
                  | Slay-3} (You found it on level 8 of the Dungeon)
 15794 | D:8      | Got a shimmering tin ring
 15796 | D:8      | Identified the ring of Oclar {*Corrode Dex+6 Slay+3 SInv}
                  | (You found it on level 8 of the Dungeon)
 16341 | D:9      | Found Socviomn's Antique Weapon Emporium.
 16345 | D:9      | Found a staircase to the Lair.
 16368 | D:9      | Reached **** piety under Sif Muna
 16560 | D:9      | Noticed a troll
 16611 | D:9      | Killed a troll
 16890 | D:10     | Entered Level 10 of the Dungeon
 17022 | D:10     | Noticed Joseph
 17098 | D:10     | Killed Joseph
 17204 | D:10     | Noticed a two-headed ogre
 17221 | D:10     | Killed a two-headed ogre
 17221 | D:10     | Reached XP level 10. HP: 45/45 MP: 15/23
 17326 | D:10     | Noticed an unseen horror
 17363 | D:10     | Slain by an unseen horror
 17364 | D:10     | Reached XP level 9. HP: -3/41 MP: 15/22
 17416 | D:10     | Killed an unseen horror
 17690 | D:10     | Noticed a troll
 17702 | D:10     | Killed a troll
 17786 | D:10     | Reached ***** piety under Sif Muna
 18300 | D:11     | You fall into a shaft and drop 3 floors!
 18303 | D:14     | Noticed a gargoyle
 18314 | D:14     | Noticed a four-headed hydra
 18315 | D:14     | Slain by a four-headed hydra
 18316 | D:14     | Reached XP level 8. HP: -2/38 MP: 10/21
 18328 | D:14     | Noticed a rime drake
 18359 | D:14     | Noticed a komodo dragon
 18380 | D:14     | Noticed a tengu conjurer
 18388 | D:14     | Noticed a tengu warrior
 18390 | D:14     | Killed a komodo dragon
 18390 | D:14     | Reached skill level 10 in Summonings
 18407 | D:14     | Noticed a yaktaur
 18415 | D:14     | Noticed a black mamba
 18415 | D:14     | a yaktaur changed into a black mamba
 18418 | D:14     | Demolished by a black mamba (shapeshifter)

Levels and vault maps discovered:
D:1:      ncdulo_lavacross, layout_basic, hex_tiny, minmay_misc_feat_diagonals
D:2:      layout_loops_ring, lemuel_coloured_pillars_altar,
          gammafunk_temple_overflow_pools, st_stairs_13, uniq_jessica
D:3:      layout_loops_corners, nicolae_overflow_hidden_temple, first_ration,
          hangedman_abyss_or_decor_stabs, uniq_crazy_yiuf_cottage, uniq_robin
D:4:      minmay_polygon_palace, layout_layer_cave
D:5:      minmay_general_purpose_star, layout_rooms, minitemple, basic_altar
D:6:      layout_cave_pools, kennysheep_vampire_church,
          minmay_temple_entry_sparse_star, dk_noncrumbling_2,
          grunt_ministairs_3, uniq_blork_the_orc
D:7:      layout_rooms, ebering_ghost_reflecting_pool, enter_ossuary_4,
          basic_altar, grunt_livestock, minmay_misc_feat_roman,
          lemuel_oklob_altar, uniq_menkaure, uniq_prince_ribbit1, uniq_pikel
D:8:      minmay_the_grid_triangle_9x9_rhombus_full
          [minmay_the_grid_triangle_9x9_negative_grid,
          minmay_the_grid_triangle_9x9_zippers_vertical,
          minmay_the_grid_triangle_9x9_wacky_v,
          minmay_the_grid_triangle_9x9_skeleton,
          minmay_the_grid_triangle_9x9_alien,
          minmay_the_grid_triangle_9x9_checkered,
          minmay_the_grid_triangle_9x9_corrupted_corridor,
          minmay_the_grid_triangle_9x9_prize_special], layout_rooms,
          grunt_temple_overflow_open
D:9:      layout_loops_cross, serial_shops, shop
D:10:     layout_gridville, uniq_joseph
D:11:     layout_long_grid, gammafunk_ghost_wrathful_warriors,
          nicolae_trove_entry_crystal, chequers_serial_rivers_micro_c,
          item_on_display_a
D:14:     layout_loops_cross, david_vaults_4, serial_shops, nicolae_shop_stone,
          chequers_decorated_corner, kennysheep_windowed_goal
Temple:   dpeg_three_leaves_temple

Skill      XL: |  1  2  3  4  5  6  7  8  9 |
---------------+----------------------------+-----
Dodging        | 3 4 5 |  5.0
Fighting       | 1 2 3 4 6 |  6.2
Spellcasting   | 3 4 6 8 |  8.5
Summonings     | 5 6 10 9 | 10.0
Air Magic      | 1 2 3 |  3.0
Ice Magic      | 1 2 3 |  3.0
Stealth        | |  2.6

Action                   |  1- 3 |  4- 6 |  7- 9 | 10-12 || total
-------------------------+-------+-------+-------+-------++-------
Melee: Unarmed           |   119 |   104 |   139 |     5 ||   367
       Bite              |    11 |     7 |    16 |       ||    34
 Cast: Summon Small Mamm |    36 |     4 |       |       ||    40
       Call Imp          |    18 |    76 |     7 |     1 ||   102
       Call Canine Famil |       |    18 |     1 |     2 ||    21
       Summon Lightning  |       |    18 |   130 |     3 ||   151
       Summon Ice Beast  |       |       |    26 |     2 ||    28
  Use: Scroll            |       |    10 |    12 |       ||    22
       Potion            |       |     3 |       |       ||     3
 Stab: Sleeping          |     3 |     2 |       |       ||     5
       Distracted        |     1 |     1 |     8 |       ||    10
  Eat: Chunk             |    13 |    26 |    42 |     1 ||    82
Armor: Skin              |    14 |    11 |    17 |     1 ||    43
Dodge: Dodged            |   133 |   136 |   155 |    18 ||   442
Block: Other             |       |       |     1 |       ||     1
